 Dungeon Crawl Stone Soup version 0.32-a0-599-gba8f9cf90e (webtiles) character file.

Game seed: 17443026698892518968

1957 bearlyready the Cleaver (level 9, -4/60 (63) HPs)
             Began as a Coglin Monk on Feb 28, 2024.
             Was a Believer of Trog.
             Slain by a sky beast (5 damage)
             ... on level 6 of the Dungeon on Mar 2, 2024.
             The game lasted 00:08:03 (5935 turns).

bearlyready the Cleaver (Coglin Monk)               Turns: 5935, Time: 00:08:03

HP:   -4/60 (63)    AC:  6    Str: 16    XL:     9   Next: 19%
MP:   9/9           EV: 11    Int:  9    God:    Trog [**....]
Gold: 309           SH:  0    Dex: 17    Spells: 8/8 levels left

rFire   . . .        j - +0 broad axe {Bintanath}
rCold   . . .        a - +0 hand axe {Ruka}
rNeg    . . .        q - +0 ring mail
rPois   .            w - +0 helmet
rElec   .            (no cloak)
rCorr   .            (no gloves)
SInv    .            (no boots)
Will    .....        (amulet unavailable)
Stlth   +            (ring unavailable)
HPRegen 0.30/turn    (ring unavailable)
MPRegen 0.11/turn    (no gizmo)

%: no passive effects
@: about to teleport, lightly drained, revving
A: off-hand wielding, slow wielding, warmup strikes, no jewellery
a: Invent Gizmo, Renounce Religion, Berserk, Trog's Hand


You were on level 6 of the Dungeon.
You worshipped Trog.
Trog was pleased with you.
You visited 2 branches of the dungeon, and saw 7 of its levels.
You also visited: Sewer.

You collected 309 gold pieces.

Inventory:

Hand Weapons
 a - a +0 hand axe (offhand) {Ruka}
 j - a +0 broad axe (weapon) {Bintanath}
 u - a +0 war axe
Missiles
 c - 6 boomerangs (quivered)
 f - 7 javelins
 h - 15 poisoned darts
Armour
 b - a +1 robe
 d - an orb of light
 q - a +0 ring mail (worn)
 w - a +0 helmet (worn)
Wands
 g - a wand of polymorph (13)
 t - a wand of mindburst (6)
 A - a wand of paralysis (7)
Scrolls
 e - 2 scrolls of enchant weapon
 i - 2 scrolls of teleportation
 l - 2 scrolls of enchant armour
 o - 2 scrolls of fog
 v - 3 scrolls of poison
 x - a scroll of noise
 y - a scroll of brand weapon
 z - a scroll of identify
 B - a scroll of vulnerability {unknown}
 D - a scroll of torment {unknown}
Potions
 k - 3 potions of curing
 m - 2 potions of invisibility
 n - a potion of haste {unknown}
 p - 2 potions of might {unknown}
 r - a potion of berserk rage {unknown}
 s - a potion of attraction {unknown}
 C - a potion of heal wounds {unknown}


   Skills:
 - Level 3.0 Fighting
 + Level 10.6 Axes
 - Level 2.6 Dodging
 + Level 7.5 Evocations


You had 8 spell levels left.
You didn't know any spells.
Your spell library contained the following spells:

 Spells                   Type           Power      Damage    Failure   Level
 Sandblast                Erth           0%         2d4       61%         1
 Frozen Ramparts          Ice            0%         1d1       93%         3
 Passwall                 Erth           0%         N/A       93%         3
 Stone Arrow              Conj/Erth      0%         3d7       93%         3
 Brom's Barrelling Bould  Conj/Erth      0%         2d3       100%        4
 Leda's Liquefaction      Alch/Erth      0%         N/A       100%        4
 Petrify                  Alch/Erth      0%         N/A       100%        4
 Metabolic Englaciation   Hex/Ice        0%         N/A       100%        5


Dungeon Overview and Level Annotations

Branches:
Dungeon (6/15)             Temple (1/1) D:6           Sewer (visited)

Altars:
Ashenzari
Elyvilon
Gozag
Hepliaklqana
Okawaru
Ru
Sif Muna
Trog
Uskayaw
Vehumet
Wu Jian
Yredelemnul

Annotations:
D:6 3 runed translucent doors, lunkers's ghost, novice CoBr


Innate Abilities, Weirdness & Mutations

You can wield a second weapon in your off-hand.
It takes a long time for you to wield or remove held weapons.
Your first few attacks do less damage.
You cannot equip rings or amulets.


Message History

You miss something with your +0 broad axe.
You closely miss the wight with your +0 broad axe. x2
Something hits you but does no damage. The wight misses you.
The wight closely misses you.
You barely miss something with your +0 hand axe.
You hit the wight with your +0 hand axe.
You barely miss the wight with your +0 hand axe.
You slash something with your +0 broad axe!
You hit the wight but do no damage.
You closely miss the wight with your +0 broad axe.
Something hits you but does no damage. The wight barely misses you.
The wight hits you with a +0 dire flail!
You closely miss something with your +0 broad axe.
You hit the wight with your +0 broad axe.
You hit the wight but do no damage.
You closely miss something with your +0 hand axe.
You hit the wight with your +0 hand axe. x2
Something hits you but does no damage. The wight hits you with a +0 mace.
You feel drained. The wight barely misses you.
You hit something but do no damage.
You barely miss the wight with your +0 hand axe.
You hit the wight with your +0 hand axe.
You closely miss something with your +0 broad axe.
You barely miss the wight with your +0 broad axe.
You hit the wight with your +0 broad axe.
Something hits you. Something shocks you.
* * * LOW HITPOINT WARNING * * *
The wight closely misses you.
The wight hits you with a +0 dire flail.
* * * LOW HITPOINT WARNING * * *
As you read the scroll of teleportation, it crumbles to dust.
You feel strangely unstable. Something hits you but does no damage.
Something hits you.
* * * LOW HITPOINT WARNING * * *
Something shocks you.
* * * LOW HITPOINT WARNING * * *
Something hits you.
* * * LOW HITPOINT WARNING * * *
Something shocks you.
You die...

..############.... ..? ....#
⌠)#...## #.... ... ....#
..'....#######....♣♣.♣♣....#
⌠.#..........#.............#
..#.....###.##.............#
###.....# #.##.............#
........# #.##.....z.......#
........# #.########z#
.......## #.....@..zz#
......## ############
#######


You could see 3 wights.

Vanquished Creatures
  Grinder (D:3)
  Eustachio (D:5)
  Pargi (Sewer)
  An ice beast (D:6)
  2 ogres
  A centaur (D:6)
  4 scorpions
  2 brain worms (Sewer)
  3 wights (D:6)
  3 bombardier beetles
  A jelly (D:5)
  An orc priest (D:5)
  3 iguanas
  Ijyb (D:5)
  Terence (D:3)
  Natasha (thrice) (D:2)
  2 orc wizards (D:6)
  7 gnolls
  7 adders
  An ufetubus (D:6)
  4 dart slugs
  3 ribbon worms
  9 orcs
  4 endoplasms
  8 giant cockroaches
  6 goblins
  2 hobgoblins
  9 jackals
  6 quokkas (D:3)
  8 ball pythons
  8 bats
  7 frilled lizards
  11 kobolds
  3 rats (D:2)
134 creatures vanquished.

Notes
Turn   | Place    | Note
-------+----------+-------------------------------------------
     0 | D:1      | bearlyready the Coglin Monk began the quest for the Orb.
     0 | D:1      | Reached XP level 1. HP: 18/18 MP: 1/1
   281 | D:1      | Reached XP level 2. HP: 24/24 MP: 2/2
   551 | D:1      | Reached skill level 4 in Axes
   697 | D:1      | Reached XP level 3. HP: 21/29 MP: 3/3
  1019 | D:2      | Upgraded the game from 0.32-a0-540-g866d13106e to
                  | 0.32-a0-599-gba8f9cf90e
  1136 | D:2      | Reached skill level 5 in Axes
  1136 | D:2      | Reached XP level 4. HP: 16/35 MP: 4/4
  1670 | D:2      | Noticed Natasha
  1713 | D:2      | Killed Natasha
  1714 | D:2      | Reached XP level 5. HP: 24/41 MP: 5/5
  1799 | D:2      | Noticed Natasha
  1823 | D:2      | Killed Natasha
  1824 | D:2      | Reached skill level 6 in Axes
  1990 | D:2      | Noticed Natasha
  1996 | D:2      | Killed Natasha
  2475 | D:3      | Found a glowing drain.
  2487 | D:3      | Reached XP level 6. HP: 43/47 MP: 6/6
  2491 | Sewer    | Entered a sewer
  2536 | Sewer    | Noticed Pargi
  2539 | Sewer    | Reached skill level 7 in Axes
  2549 | Sewer    | Killed Pargi
  2550 | Sewer    | Reached XP level 7. HP: 12/52 MP: 7/7
  2879 | D:3      | Reached skill level 8 in Axes
  2905 | D:3      | Noticed Terence
  2919 | D:3      | Killed Terence
  3039 | D:3      | Noticed Grinder
  3047 | D:3      | Killed Grinder
  3673 | D:4      | Reached skill level 9 in Axes
  3673 | D:4      | Reached skill level 1 in Evocations
  3865 | D:4      | Reached XP level 8. HP: 56/58 MP: 8/8
  4524 | D:5      | Entered Level 5 of the Dungeon
  4939 | D:5      | Noticed Eustachio
  4953 | D:5      | Killed Eustachio
  4954 | D:5      | Reached skill level 5 in Evocations
  5119 | D:5      | Noticed Ijyb
  5127 | D:5      | Killed Ijyb
  5128 | D:5      | Reached skill level 10 in Axes
  5559 | D:6      | Found a runed translucent gate.
  5560 | D:6      | Found a runed translucent gate.
  5560 | D:6      | Noticed a komodo dragon
  5560 | D:6      | Noticed lunkers's ghost (novice CoBr)
  5562 | D:6      | Found a runed translucent gate.
  5613 | D:6      | Reached XP level 9. HP: 44/63 MP: 9/9
  5814 | D:6      | Found a staircase to the Ecumenical Temple.
  5826 | Temple   | Entered the Ecumenical Temple
  5845 | Temple   | Became a worshipper of Trog the Wrathful
  5845 | Temple   | Reached * piety under Trog
  5845 | Temple   | Reached ** piety under Trog
  5934 | D:6      | HP: 3/60 [something (6)]
  5935 | D:6      | HP: 1/60 [something (3)]
  5935 | D:6      | Slain by a sky beast

Illustrated notes

Levels and vault maps discovered:
D:1:      lemuel_arrival_broad_hall, layout_basic, serial_forest,
          infiniplex_forest_lined_4_way, infiniplex_forest_straight_5,
          infiniplex_forest_clump_cross, infiniplex_forest_fountain,
          infiniplex_forest_clump_long, infiniplex_forest_clump_C,
          infiniplex_forest_end_double, st_stairs_12
D:2:      layout_rooms, nicolae_the_louvre, uniq_natasha
D:3:      layout_loops_ring, gup_sewer_entry_pipe,
          wander_ebering_terrifying_dragon_lair, uniq_grinder, uniq_terence
D:4:      layout_gridville
D:5:      layout_loops_corners, kennysheep_boxes, uniq_ijyb, uniq_eustachio
D:6:      layout_rooms, minmay_temple_entry_hall, gammafunk_ghost_split,
          kennysheep_generic_room_2
Temple:   nicolae_temple_slightly_damp_pantheon

Skill      XL: |  1  2  3  4  5  6  7  8  9 |
---------------+----------------------------+-----
Axes           | 4 5 6 7 9 10 | 10.6
Evocations     | 2 6 7 |  7.5
Fighting       | |  3.0
Dodging        | |  2.6

Action                     |  1- 3 |  4- 6 |  7- 9 || total
---------------------------+-------+-------+-------++-------
  Melee: Hand axe          |    97 |   107 |   167 ||   371
         Unarmed           |       |    33 |       ||    33
         Broad axe         |       |    42 |   182 ||   224
  Throw: Boomerang         |       |     8 |       ||     8
    Use: Potion            |     3 |       |       ||     3
         Scroll            |       |     2 |     7 ||     9
   Stab: Sleeping          |       |     1 |       ||     1
         Distracted        |       |       |     1 ||     1
 Armour: Robe              |    54 |    70 |     5 ||   129
         Skin              |       |     6 |       ||     6
         Ring mail         |       |       |   105 ||   105
  Dodge: Dodged            |    79 |   122 |    93 ||   294

Table legend: (Time is in decaauts)
 A = Elapsed time spent in this place.
 B = Non-inter-level travel time spent in this place.
 C = Inter-level travel time spent in this place.
 D = Time resting spent in this place.
 E = Time spent auto-exploring this place.
 F = Levels seen in this place.
 G = Mean time per level.
                   A        B        C        D        E       F      G
               +--------+--------+--------+--------+--------+-----+--------+
         Total |   5990 |   5845 |    145 |    125 |   4675 |   8 |  748.8 |
       Dungeon |   5655 |   5546 |    109 |    125 |   4425 |   6 |  942.5 |
        Temple |     38 |      2 |     36 |      0 |      0 |   1 |   38.0 |
         Sewer |    296 |    296 |      0 |      0 |    249 |   1 |  296.0 |
               +--------+--------+--------+--------+--------+-----+--------+

Top non-repeatable levels by time:
     D:3: 1251 daAuts
     D:1: 1084 daAuts
     D:4: 979 daAuts
     D:2: 973 daAuts
     D:6: 702 daAuts
     D:5: 663 daAuts
   Sewer: 296 daAuts
  Temple: 38 daAuts
